Map: Thunderbird LE

Players

pHARM

  • Race: Zerg Zerg
  • League: Platinum
  • Spawn Location: 11:00

SnipeHunt - Winner!

  • Race: Terran Terran
  • League: Platinum
  • Spawn Location: 5:00

VOD

Have the link to the VOD?

Description

Time

  • Played on: Aug. 30, 2019, 9:31 p.m.
  • Length: 6:05
Show
View Real Time Build Order
Export as new Build Order

pHARM Zerg 

Build Orders: Hatch First 

Get SALT Encoding   

  12  0:01  Drone  
  13  0:13  Overlord  
  14  0:21  Drone  
  14  0:32  Drone x2  
  16  0:37  Drone  
  17  0:55  Hatchery  
  16  1:02  Drone x2  
  18  1:17  Spawning Pool  
  17  1:19  Drone  
  17  1:21  Drone  
  19  1:43  Extractor, Drone x2  
  20  1:53  Overlord  
  20  2:07  Queen x2  
  25  2:08  Zergling x4  
  25  2:13  Drone  
  27  2:22  Drone  
  28  2:23  Drone  
  29  2:36  Drone x2  
  31  2:47  Queen x2  
  35  2:59  Drone  
  35  3:03  Overlord x2  
  36  3:21  Hatchery  
  36  3:23  Overlord  
  36  3:24  Overlord  
  36  3:25  Drone x5  
  40  3:28  Metabolic Boost  
  40  3:41  Drone x5  
  45  3:56  Drone x3  
  45  3:57  Baneling Nest  
  47  4:09  Spore Crawler  
  46  4:11  Spore Crawler  
  46  4:12  Lair  
  46  4:13  Drone  
  46  4:14  Drone x5  
  51  4:18  Extractor  
  51  4:19  Extractor  
  51  4:23  Overlord x2  
  49  4:34  Queen  
  49  4:36  Queen  
  53  4:47  Drone x8  
  53  4:51  Zergling x4  
  53  4:52  Zergling x2  
  64  4:55  Baneling x3  
  64  4:56  Baneling  
  62  5:09  Zergling x2  
  62  5:10  Zergling x12  
  65  5:23  Zergling x6  
  68  5:33  Zergling x12  
  70  5:38  Baneling Nest, Zergling x2  
Show
View Real Time Build Order
Export as new Build Order

SnipeHunt Terran - Winner!

Build Orders: 1/1/1, Liberator Opening 

Get SALT Encoding   

  12  0:01  SCV  
  13  0:13  SCV  
  14  0:17  Supply Depot  
  14  0:25  SCV  
  15  0:30  Refinery  
  15  0:38  SCV  
  16  0:45  Barracks  
  16  0:51  SCV  
  17  1:00  Refinery  
  17  1:03  SCV  
  18  1:15  SCV  
  19  1:27  SCV  
  19  1:32  Barracks Reactor  
  20  1:40  Factory  
  20  1:41  Orbital Command  
  20  1:50  Supply Depot  
  20  2:07  SCV  
  21  2:09  Marine x2  
  23  2:18  Supply Depot  
  23  2:19  SCV  
  24  2:24  Factory Tech Lab  
  24  2:28  Starport  
  24  2:31  SCV  
  25  2:49  Liberator  
  25  2:50  Marine  
  25  2:51  Marine, Siege Tank  
  27  2:54  Supply Depot  
  30  3:09  Marine  
  30  3:10  Marine  
  35  3:23  Siege Tank, Supply Depot  
  38  3:27  Marine x2  
  38  3:32  Liberator  
  40  3:45  Marine x2  
  45  4:03  Marine x2  
  45  4:08  Siege Tank  
  50  4:15  Supply Depot  
  50  4:21  Marine x2  
  52  4:35  Medivac  
  52  4:37  Supply Depot  
  54  4:38  Marine  
  54  4:39  Marine  
  56  4:56  Marine  
  56  4:57  Marine  
  57  5:01  Supply Depot  
Tags
 
Add a new tag
Caveats
  • Supply blocks, unpowered buildings, or Contaminate may cause inaccurate times.
  • Supply counts are checked every 10 seconds.